 Dungeon Crawl Stone Soup version 0.17.0-28-g6e173f8 (webtiles) character file.

4865 Botennoom the Arsonist (level 10, -5/63 HPs)
             Began as a Demonspawn Fire Elementalist on Nov 19, 2015.
             Was a Believer of Vehumet.
             Killed from afar by an efreet (38 damage)
             ... with a bolt of fire
             ... on level 9 of the Dungeon on Nov 22, 2015.
             The game lasted 00:38:49 (10842 turns).

Botennoom the Arsonist (DsFE)                      Turns: 10842, Time: 00:38:49

Health: -5/63      AC: 10    Str:  8    XL:     10   Next: 26%
Magic:  4/14       EV: 12    Int: 19    God:    Vehumet [**....]
Gold:   50         SH:  4    Dex: 15    Spells: 3 memorised, 6 levels left

rFire  . . .     SeeInvis .     I - staff of poison
rCold  . . .     Clarity  .     a - +0 robe
rNeg   . . .     SustAt   .     t - +0 buckler
rPois  +         Gourm    .     (helmet restricted)
rElec  .         Spirit   .     (no cloak)
rCorr  .         Warding  .     (no gloves)
rMut   .         Stasis   .     k - +0 pair of boots
MR     .....                    (no amulet)
Stlth  ++........               (no ring)
                                f - +3 ring of protection

@: very slightly contaminated, not resistant to hostile enchantments, unstealthy
A: horns 1, iridescent scales 1, demonic guardian 1, powered by death 1
a: Renounce Religion


You were on level 9 of the Dungeon.
You worshipped Vehumet.
Vehumet was pleased with you.
You were not hungry.

You visited 3 branches of the dungeon, and saw 11 of its levels.

You collected 398 gold pieces.
You spent 348 gold pieces at shops.

Inventory:

Hand Weapons
 h - a +0 dagger
 l - a +0 vampiric dagger
 v - the cursed +2 mace of Dishonesty {vamp, +Fly MR- Str+2 Stlth+}
   (You found it on level 4 of the Dungeon)

   It inflicts no extra harm, but heals its wielder somewhat when it strikes a
   living foe.
   It affects your strength (+2).
   It affects your resistance to hostile enchantments.
   It lets you fly.
   It makes you more stealthy.
   It has a curse placed upon it.
 w - a +1 whip of flaming
Missiles
 x - a throwing net (quivered)
Armour
 a - a +0 robe (worn)
 k - a +0 pair of boots (worn)
 t - a +0 buckler (worn)
Magical Staves
 I - an uncursed staff of poison (weapon)
Jewellery
 d - an uncursed ring of invisibility
 e - an uncursed amulet of faith {unknown}
 f - a +3 ring of protection (left hand)
Wands
 o - a wand of flame (15)
 q - a wand of disintegration (0)
 r - a wand of polymorph (14)
 A - a wand of draining (7)
 C - a wand of polymorph (7)
 E - a wand of slowing (32)
 G - a wand of disintegration (15)
 J - a wand of lightning (8)
Scrolls
 g - a scroll of amnesia
 i - 5 scrolls of identify
 j - 3 scrolls of immolation {unknown}
 m - a scroll of teleportation {unknown}
 n - a scroll of magic mapping {unknown}
 p - 4 scrolls of enchant weapon {unknown}
 y - 2 scrolls of noise {unknown}
 z - 4 scrolls of recharging {unknown}
 B - a scroll of remove curse
Potions
 s - a potion of berserk rage
 F - a potion of curing
Books
 b - a book of Flames

   Spells                             Type                      Level
   a - Flame Tongue                   Conjuration/Fire             1
   b - Throw Flame                    Conjuration/Fire             2
   c - Conjure Flame                  Conjuration/Fire             3
   d - Inner Flame                    Hexes/Fire                   3
   e - Sticky Flame                   Conjuration/Fire             4
   f - Fireball                       Conjuration/Fire             5
Comestibles
 c - 4 bread rations
 u - a meat ration
 H - a fruit


   Skills:
 - Level 1.7 Dodging
 - Level 1.7 Stealth
 + Level 1.4 Shields
 + Level 2.9 Spellcasting
 + Level 7.4 Conjurations
 - Level 11.9 Fire Magic


You had 6 spell levels left.
You knew the following spells:

 Your Spells              Type           Power        Failure   Level  Hunger
a - Flame Tongue          Conj/Fire      #####        1%          1    None
b - Sticky Flame          Conj/Fire      #####...     4%          4    ####...
c - Stone Arrow           Conj/Erth      ###...       17%         3    ###....


Dungeon Overview and Level Annotations

Branches:
Dungeon (9/15)             Temple (1/1) D:5            Lair (1/8) D:9
    Orc (0/4) D:9

Altars:
Ashenzari
Cheibriados
Dithmenos
Elyvilon
Fedhas
Gozag
Kikubaaqudgha
Makhleb
Nemelex Xobeh
Okawaru
Qazlal
Ru
Sif Muna
Trog
Vehumet
Xom
Yredelemnul
Zin
The Shining One

Shops:
D:9 *

Annotations:
D:3 Robin, Terence


Innate Abilities, Weirdness & Mutations

You have a pair of small horns on your head.
You are partially covered in iridescent scales (AC +4).
A weak demonic guardian rushes to your aid.
You regenerate a little health from kills.


Message History

Unknown command.
Saving game... please wait.
Welcome back, Botennoom the Demonspawn Fire Elementalist.
Vehumet says: Let it end in hellfire!
Press ? for a list of commands and other information.
You feel less regenerative.
Your ufetubus barely misses the orc wizard.
Your ufetubus hits the orc wizard. x2
Your ufetubus closely misses the orc wizard.
The orc wizard completely misses your ufetubus.
Something hits your iron imp. Something barely misses your iron imp.
Your ufetubus disappears in a puff of smoke!
The orc falls through a shaft!
The shaft crumbles and collapses.
Something hits your iron imp. The efreet gestures at you.
The bolt of fire hits you! The efreet gestures at you.
The bolt of fire hits you!
Ouch! That really hurt!
You die...

...o. ... .§R. #.#
#.o.#####.##
#(..#oo.o..#
#.§.'o###5.#
#).§#R###..# #..
#......# ...
#....§.# ...
#.###Y@## ..
#.(..5..# .
#.#####.# ####
####...# ###.# .##
.#.###.##.#.# #...#
..# .#.##.......#
#...# #.#
.#.##..##.#.###...#
#.#
..................#
#.#
##.##..#######.####
#.#


You could see an efreet, an ice beast, an orc wizard, a friendly iron imp and a
friendly white imp (wandering).

Vanquished Creatures
  The ghost of deszczowiec the Covert, a novice OpVM of Dithmenos (D:6)
  Joseph (D:8)
  A deep elf mage (D:9)
  5 yaks (D:8)
  A hungry ghost (D:9)
  A hippogriff (D:7)
  A wasp (D:7)
  An ice beast (D:7)
  2 orc warriors
  2 ogres (D:7)
  A centaur (D:8)
  7 giant frogs
  A big kobold (D:9)
  3 scorpions
  3 wights (D:7)
  3 crimson imps
  3 jellies
  2 centaur zombies
  4 hounds
  Ijyb (D:2)
  2 gnoll shamans
  6 orc wizards
  4 iguanas
  3 worker ants
  5 orc priests
  12 gnolls
  A worker ant zombie (D:7)
  9 adders
  A shadow imp (D:8)
  An ooze (D:6)
  An adder zombie (D:6)
  6 worms
  3 giant geckos
  29 orcs
  11 bats
  8 giant cockroaches
  2 gnoll zombies (D:5)
  9 hobgoblins
  10 kobolds
  2 quokkas
  A ball python (D:1)
  5 giant newts
  15 goblins
  A quokka skeleton (D:4)
  A quokka zombie (D:6)
  9 rats
201 creatures vanquished.

Vanquished Creatures (collateral kills)
  A fire drake (D:9)
  A hippogriff (D:7)
  A water moccasin (D:8)
  A sky beast (D:7)
  An ogre (D:7)
  2 giant frogs (D:6)
  A big kobold (D:6)
  A jelly (D:6)
  An orc wizard (D:8)
  An adder (D:7)
  An orc (D:9)
  4 kobolds (D:6)
16 creatures vanquished.

Grand Total: 217 creatures vanquished

Notes
Turn   | Place    | Note
--------------------------------------------------------------
     0 | D:1      | Botennoom the Demonspawn Fire Elementalist began the quest for the Orb.
     0 | D:1      | Reached XP level 1. HP: 13/13 MP: 3/3
     1 | D:1      | Found a radiant altar of Vehumet.
   176 | D:1      | Reached skill level 3 in Fire Magic
   291 | D:1      | Gained mutation: You regenerate a little health from kills. [demonic ancestry]
   291 | D:1      | Reached XP level 2. HP: 19/19 MP: 1/5
  1183 | D:2      | Reached XP level 3. HP: 24/24 MP: 1/6
  1267 | D:2      | Reached skill level 4 in Fire Magic
  1582 | D:2      | Noticed Ijyb
  1697 | D:2      | Killed Ijyb
  1697 | D:2      | Gained mutation: You have a pair of small horns on your head. [demonic ancestry]
  1697 | D:2      | Reached XP level 4. HP: 26/30 MP: 7/7
  2125 | D:2      | Upgraded the game from 0.17.0-26-gececa24 to 0.17.0-28-g6e173f8
  2213 | D:3      | Learned a level 4 spell: Sticky Flame
  2317 | D:3      | Noticed Robin
  2352 | D:3      | Reached skill level 5 in Fire Magic
  2545 | D:3      | Noticed Terence
  2788 | D:3      | Reached XP level 5. HP: 9/35 MP: 1/8
  3061 | D:5      | Entered Level 5 of the Dungeon
  3782 | D:4      | Reached skill level 6 in Fire Magic
  3960 | D:4      | Gained mutation: You are partially covered in iridescent scales (AC +4). [demonic ancestry]
  3960 | D:4      | Reached XP level 6. HP: 41/41 MP: 4/9
  4057 | D:4      | Found a sacrificial altar of Ru.
  4331 | D:4      | Found an ancient bone altar of Kikubaaqudgha.
  4333 | D:4      | Found a blossoming altar of Fedhas.
  4402 | D:4      | Noticed a moth of wrath
  4405 | D:4      | Found a bloodstained altar of Trog.
  4631 | D:4      | Got a smoking mace
  4667 | D:4      | Identified the cursed +2 mace of Dishonesty {vamp, +Fly MR- Str+2 Stlth+} (You found it on level 4 of the Dungeon)
  4938 | D:5      | Found a basalt altar of Yredelemnul.
  5046 | D:5      | Reached skill level 7 in Fire Magic
  5160 | D:5      | Found a staircase to the Ecumenical Temple.
  5196 | D:5      | Found a sparkling altar of Nemelex Xobeh.
  5209 | Temple   | Entered the Ecumenical Temple
  5261 | Temple   | Became a worshipper of Vehumet
  5305 | D:5      | Found a shattered altar of Ashenzari.
  5585 | D:5      | Gained mutation: A weak demonic guardian rushes to your aid. [demonic ancestry]
  5585 | D:5      | Reached XP level 7. HP: 37/46 MP: 4/10
  5821 | D:6      | Noticed deszczowiec's ghost (novice OpVM)
  5844 | D:6      | Killed deszczowiec's ghost
  5844 | D:6      | Reached skill level 8 in Fire Magic
  6001 | D:6      | Reached skill level 9 in Fire Magic
  6001 | D:6      | Reached XP level 8. HP: 50/52 MP: 11/11
  6439 | D:6      | Reached * piety under Vehumet
  6439 | D:6      | Offered knowledge of Shock by Vehumet.
  6883 | D:6      | Found a deep blue altar of Sif Muna.
  7039 | D:7      | Reached skill level 10 in Fire Magic
  7724 | D:7      | Reached XP level 9. HP: 44/57 MP: 12/12
  7870 | D:7      | Offered knowledge of Searing Ray by Vehumet.
  7956 | D:7      | Reached ** piety under Vehumet
  8305 | D:7      | Reached skill level 11 in Fire Magic
  8850 | D:8      | Found a shadowy altar of Dithmenos.
  9146 | D:8      | Reached skill level 5 in Conjurations
  9617 | D:8      | Noticed Joseph
  9637 | D:8      | Killed Joseph
  9980 | D:8      | Reached XP level 10. HP: 36/63 MP: 11/13
 10286 | D:9      | Found a staircase to the Orcish Mines.
 10354 | D:9      | Offered knowledge of Stone Arrow by Vehumet.
 10359 | D:9      | Learned a level 3 spell: Stone Arrow
 10600 | D:9      | Found a staircase to the Lair.
 10612 | Lair:1   | Entered Level 1 of the Lair of Beasts
 10705 | D:9      | Found Yffebuj's Assorted Antiques.
 10714 | D:9      | Bought a scroll labeled MOAMPASEETH for 29 gold pieces
 10714 | D:9      | Bought a scroll labeled ITYACW RIPPET for 29 gold pieces
 10714 | D:9      | Bought a potion of curing for 87 gold pieces
 10714 | D:9      | Bought a potion of curing for 87 gold pieces
 10714 | D:9      | Bought a fluorescent wand for 116 gold pieces
 10755 | D:9      | Reached skill level 1 in Shields
 10842 | D:9      | Killed from afar by an efreet

Action                   |  1- 3 |  4- 6 |  7- 9 | 10-12 || total
-------------------------+-------+-------+-------+-------++-------
Melee: Unarmed           |    73 |    46 |       |       ||   119
       Dagger            |       |   293 |   561 |    55 ||   909
       Staff             |       |       |       |    28 ||    28
 Cast: Flame Tongue      |    69 |   124 |    49 |     8 ||   250
       Sticky Flame      |       |       |    30 |    10 ||    40
       Stone Arrow       |       |       |       |     7 ||     7
Evoke: Wand              |       |     1 |     3 |       ||     4
  Use: Potion            |     2 |     6 |     1 |     4 ||    13
       Scroll            |     1 |     3 |       |       ||     4
 Stab: Sleeping          |       |     2 |     6 |     1 ||     9
       Distracted        |       |       |     2 |     1 ||     3
  Eat: Chunk             |     3 |    11 |    16 |     3 ||    33
       Bread ration      |       |     2 |       |       ||     2
       Meat ration       |       |       |     2 |     1 ||     3
